 Dungeon Crawl Stone Soup version 0.28-a0-1624-g820543e53a (webtiles) character file.

Game seed: 3100383855692509656

501 issech the Cudgeller (level 6, -3/61 HPs)
             Began as a Troll Monk on Jan 23, 2022.
             Slain by a water moccasin (8 damage)
             ... on level 3 of the Dungeon on Jan 24, 2022.
             The game lasted 00:13:17 (3700 turns).

issech the Cudgeller (Troll Monk)                   Turns: 3700, Time: 00:13:18

Health: -3/61      AC:  6    Str: 20    XL:     6   Next: 95%
Magic:  5/5        EV: 11    Int:  6    God:
Gold:   138        SH:  0    Dex: 14    Spells: 5/5 levels left

rFire   . . .      SeeInvis .   g - +0 giant spiked club
rCold   . . .      Faith    .   (shield currently unavailable)
rNeg    . . .      Spirit   .   m - +2 animal skin
rPois   .          Reflect  .   (helmet restricted)
rElec   .          Harm     .   (no cloak)
rCorr   .          Rampage  .   (gloves unavailable)
Will    .....      Rnd*Tele +   (boots unavailable)
Stlth   ++........              (no amulet)
HPRegen 1.00/turn               (no ring)
MPRegen 0.09/turn               (no ring)

@: lethally poisoned (-3 -> -4)
A: large, unfitting armour, claws 3, regeneration 1, shaggy fur 1, tough skin 1,
teleportitis 1
a: no special abilities


You were on level 3 of the Dungeon.
You visited 1 branch of the dungeon, and saw 4 of its levels.

You collected 138 gold pieces.

Inventory:

Hand Weapons
 a - a +0 mace
 g - a +0 giant spiked club (weapon)
 k - a +0 hunting sling
 l - a +0 vampiric spear
Missiles
 c - 35 sling bullets
 i - 84 stones (quivered)
Armour
 b - a +0 robe
 m - a +2 animal skin (worn)
Magical Staves
 d - a staff of fire
Scrolls
 j - a scroll of immolation
Potions
 e - a potion of lignification
 f - a potion of flight
 h - 2 potions of heal wounds
 n - 2 potions of curing


   Skills:
 + Level 3.4 Fighting
 + Level 4.3 Maces & Flails
 + Level 2.3 Polearms
 + Level 4.1 Dodging
 + Level 1.3 Stealth


You had 5 spell levels left.
You didn't know any spells.
Your spell library contained the following spells:

 Spells                   Type           Power      Damage    Failure   Level
 Ensorcelled Hibernation  Hex/Ice        0%         N/A       58%         2
 Spider Form              Tmut/Pois      0%         N/A       83%         3
 Anguish                  Hex/Necr       0%         N/A       99%         4


Dungeon Overview and Level Annotations

Branches:
Dungeon (4/15)
 Temple: D:4-7

Altars:

Annotations:
D:4 Edmund


Innate Abilities, Weirdness & Mutations

You are too large for most types of armour.
You have claws for hands.
Your natural rate of healing is unusually fast.
You are covered in fur. (AC +1)
You have tough skin. (AC +1)
You are occasionally teleported next to monsters.


Message History

The water moccasin closely misses you.
The kobold unwields a +0 dagger.
The kobold wields a +0 hand crossbow.
The kobold shoots a bolt.
The bolt hits you but does no damage.
You closely miss the water moccasin. The water moccasin barely misses you.
The water moccasin bites you but does no damage.
You puncture the water moccasin!
The water moccasin is severely wounded.
The water moccasin bites you but does no damage.
The water moccasin closely misses you.
You miss the water moccasin.
The water moccasin is severely wounded.
The water moccasin completely misses you.
The water moccasin barely misses you.
The water moccasin bites you but does no damage.
You miss the water moccasin.
The water moccasin is severely wounded.
The water moccasin bites you but does no damage.
The water moccasin closely misses you.
You barely miss the water moccasin.
The water moccasin is severely wounded.
The water moccasin bites you.
You are poisoned.
The water moccasin poisons you! The water moccasin bites you.
* * * LOW HITPOINT WARNING * * *
You miss the water moccasin.
The water moccasin is heavily wounded.
You feel very sick.
The water moccasin bites you but does no damage.
The water moccasin closely misses you.
You miss the water moccasin.
The water moccasin is heavily wounded.
You feel very sick. The water moccasin barely misses you.
The water moccasin bites you.
* * * LOW HITPOINT WARNING * * *
The water moccasin barely misses you.
You barely miss the water moccasin.
The water moccasin is heavily wounded.
You feel very sick. The water moccasin closely misses you.
The water moccasin bites you!
You die...

##...###.....###### #.#
#........##.# #.#
#........##.# #.#
#.......###.##########.#
#.........#.#........#.#
#####....#.#.#.######.#K#
.# #....#.#.#.#....#.#.#
.# #....#.#.#.#.#....#.#
.# #....#.#.#.#@SK.....#
.# #........#.##########
.# #....#.#.#.# .#
#....#.###.#
.#####.........#
.....###.#.##### .....#
#.#.# .....# #.#'######
.....# #........#


You could see a water moccasin and a kobold.

Vanquished Creatures
  Pargi (D:3)
  A black bear (D:3)
  An ogre (D:3)
  Jessica (D:2)
  Terence (D:2)
  An orc wizard (D:4)
  A hound skeleton (D:4)
  Robin (D:2)
  5 adders
  An adder skeleton (D:4)
  A worm (D:2)
  A dart slug (D:2)
  5 orcs
  5 endoplasms
  5 giant cockroaches
  12 goblins
  7 hobgoblins
  2 jackals
  3 kobolds
  7 quokkas
  9 ball pythons
  A bat (D:1)
  3 frilled lizards
  4 rats
79 creatures vanquished.

Notes
Turn   | Place    | Note
-------+----------+-------------------------------------------
     0 | D:1      | issech the Troll Monk began the quest for the Orb.
     0 | D:1      | Reached XP level 1. HP: 22/22 MP: 0/0
    90 | D:1      | Found a faded altar of an unknown god.
   336 | D:1      | Reached XP level 2. HP: 28/29 MP: 1/1
   390 | D:1      | You fall into a shaft and drop 1 floor!
  1081 | D:2      | Reached XP level 3. HP: 36/36 MP: 2/2
  1239 | D:2      | Noticed Terence
  1257 | D:2      | Killed Terence
  1258 | D:2      | Reached XP level 4. HP: 15/44 MP: 3/3
  1332 | D:2      | Noticed Robin
  1346 | D:2      | Killed Robin
  1541 | D:2      | Noticed Jessica
  1557 | D:2      | Killed Jessica
  1665 | D:2      | Reached XP level 5. HP: 47/52 MP: 4/4
  3096 | D:3      | Gained mutation: Your magical capacity is low. (-10% MP)
                  | [potion of mutation]
  3096 | D:3      | Gained mutation: Your spells are a little harder to cast,
                  | but a little more powerful. [potion of mutation]
  3097 | D:3      | Lost mutation: Your magical capacity is low. (-10% MP)
                  | [potion of mutation]
  3097 | D:3      | Lost mutation: Your spells are a little harder to cast, but
                  | a little more powerful. [potion of mutation]
  3097 | D:3      | Gained mutation: You are occasionally teleported next to
                  | monsters. [potion of mutation]
  3103 | D:4      | Noticed a black bear
  3128 | D:3      | Reached skill level 1 in Polearms
  3174 | D:3      | Killed a black bear
  3175 | D:3      | Reached XP level 6. HP: 52/61 MP: 5/5
  3306 | D:3      | HP: 1/61 [ogre (31)]
  3473 | D:4      | Noticed Pargi
  3530 | D:3      | Killed Pargi
  3617 | D:4      | Noticed Edmund
  3618 | D:4      | Noticed a water moccasin
  3700 | D:3      | Slain by a water moccasin

Illustrated notes

Levels and vault maps discovered:
D:1:      dpeg_arrival_rooms_a, layout_basic,
          hellmonk_ecumenical_altar_leap_of_faith
D:2:      layout_loops_corners, guppyfry_early_orc_mine, uniq_robin,
          uniq_jessica, uniq_terence
D:3:      layout_basic
D:4:      layout_cave_pools, uniq_edmund, uniq_ijyb, uniq_crazy_yiuf_cottage,
          uniq_pargi, uniq_grinder

Skill      XL: |  1  2  3  4  5  6 |
---------------+-------------------+-----
Dodging        | 3 4 |  4.1
Maces & Flails | 3 4 |  4.3
Fighting       | 3 |  3.4
Polearms       | 1 2 |  2.3
Stealth        | |  1.3

Action                   |  1- 3 |  4- 6 || total
-------------------------+-------+-------++-------
Melee: Mace              |   124 |    40 ||   164
       Spear             |       |   168 ||   168
       Punch             |       |     2 ||     2
       Giant spiked club |       |    72 ||    72
  Use: Scroll            |       |    10 ||    10
       Potion            |       |     2 ||     2
 Stab: Distracted        |       |     1 ||     1
       Sleeping          |       |     2 ||     2
Armor: Robe              |    41 |    26 ||    67
       Animal skin       |       |   158 ||   158
Dodge: Dodged            |    81 |   312 ||   393

Table legend: (Time is in decaauts)
 A = Elapsed time spent in this place.
 B = Non-inter-level travel time spent in this place.
 C = Inter-level travel time spent in this place.
 D = Time resting spent in this place.
 E = Time spent auto-exploring this place.
 F = Levels seen in this place.
 G = Mean time per level.
                   A        B        C        D        E       F      G
               +--------+--------+--------+--------+--------+-----+--------+
         Total |   3799 |   3799 |      0 |    265 |   1811 |   4 |  949.8 |
       Dungeon |   3799 |   3799 |      0 |    265 |   1811 |   4 |  949.8 |
               +--------+--------+--------+--------+--------+-----+--------+

Top non-repeatable levels by time:
     D:3: 1441 daAuts
     D:2: 1217 daAuts
     D:1: 892 daAuts
     D:4: 248 daAuts
